[Event "Team 45 45 League T66"]
[Site "Internet Chess Club"]
[Date "2015.10.01"]
[Round "5"]
[White "princevultan2"]
[Black "bugeyes"]
[Result "0-1"]
[WhiteElo "1174"]
[BlackElo "1231"]
[Opening "Four knights: Italian variation"]
[ECO "C47"]
[Time "19:00:33"]
[TimeControl "2700+45"]

1. e4 e5 2. Nf3 Nc6 3. Nc3 Nf6 4. Bc4 Nxe4 5. Nxe4 d5 6. Bxd5 Qxd5 7. Nc3 Qd8 8.
d3 Bc5 9. Be3 Bxe3 10. fxe3 O-O 11. O-O Bg4 12. Qd2 Qd7 13. d4 exd4 14. exd4
Rad8 15. Rad1 Rfe8 16. Ne2 Re7 17. h3 Bh5 18. Ne5 Nxe5 19. dxe5 Qxd2 20. Rxd2
Rxd2 21. Nf4 Bg6 22. Rc1 Rxc2 23. Rd1 h6 24. Rd8+ Kh7 25. Nxg6 fxg6 26. Ra8 a6
27. Ra7 b5 28. Rxa6 Rxe5 29. a4 bxa4 30. Rxa4 Rxb2 31. Rc4 Ree2 32. Rxc7 Rxg2+
33. Kf1 Rgc2 34. Rxc2 Rxc2 35. Kg1 g5 36. Kf1 Kg6 37. Kg1 Kf5 38. Kf1 Kf4 39.
Kg1 Kg3 40. Kh1 Rc1# {White checkmated} 0-1

[Event "Team 45 45 League T66"]
[Site "Internet Chess Club"]
[Date "2015.10.02"]
[Round "5"]
[White "GideonL"]
[Black "mongmong"]
[Result "1/2-1/2"]
[WhiteElo "1473"]
[BlackElo "1629"]
[Opening "French: exchange variation"]
[ECO "C01"]
[Time "18:01:25"]
[TimeControl "2700+45"]

1. e4 e6 2. d4 d5 3. exd5 exd5 4. Nf3 Bg4 5. Be2 Bd6 6. O-O Ne7 7. Be3 O-O 8.
Nbd2 Nbc6 9. c3 Re8 10. h3 Bh5 11. Nh2 Bxe2 12. Qxe2 Nf5 13. Ng4 h5 14. Nh2 g6
15. g4 Nxe3 16. fxe3 Bxh2+ 17. Kxh2 Qd6+ 18. Kg2 hxg4 19. hxg4 Qe6 20. Rh1 Qxe3
21. Qxe3 Rxe3 22. Kf2 Ree8 23. Rh6 Kg7 24. Rah1 Rh8 25. g5 Ne7 26. Nf3 Nf5 27.
Rxh8 Rxh8 28. Rxh8 Kxh8 29. Ne5 Kg7 30. Nd7 Nd6 31. Nc5 Kf8 32. Kf3 Ke7 33. b3
b6 34. Na6 Kd8 35. Nb4 Ne4 36. Nxd5 Nxg5+ 37. Kf4 Ne6+ 38. Ke5 c6 39. Nb4 c5 40.
Nc6+ Kd7 41. d5 Ng7 42. Kf6 Ne8+ 43. Kxf7 g5 44. Kg6 g4 45. Ne5+ Kd6 46. Nxg4
Kxd5 47. Kf5 Nd6+ 48. Kf4 Nf7 49. Ke3 b5 50. Kd3 Ne5+ 51. Nxe5 Kxe5 52. c4 b4
53. Kc2 Kd4 54. Kd2 a6 55. Kc2 Ke3 56. Kd1 Kd3 57. Kc1 Kc3 58. Kb1 Kd2 59. Kb2
a5 60. Kb1 Kc3 61. Kc1 a4 62. bxa4 Kxc4 63. Kc2 Kd5 64. Kb3 Kc6 65. Kc4 Kb6 66.
Kb3 Ka5 67. a3 bxa3 68. Kxa3 c4 69. Kb2 Kxa4 70. Kc2 Kb4 71. Kb2 Kc5 72. Kc3 Kd5
73. Kd2 Kd4 74. Kc2 c3 75. Kc1 Kd3 76. Kd1 Kc4 77. Kc2 Kb4 78. Kc1 Kb5 79. Kc2
Kc4 80. Kc1 Kb4 81. Kc2 Kc4 82. Kc1 Kd3 83. Kd1 c2+ 84. Kc1 Kc3 {White
stalemated} 1/2-1/2

[Event "Team 45 45 League T66"]
[Site "Internet Chess Club"]
[Date "2015.10.04"]
[Round "5"]
[White "stantheman59"]
[Black "guyd52"]
[Result "1-0"]
[WhiteElo "1224"]
[BlackElo "1362"]
[Opening "King's pawn opening"]
[ECO "B07"]
[Time "19:02:51"]
[TimeControl "2700+45"]

1. e4 d6 2. d4 g6 3. Nf3 Bg7 4. Bc4 Nf6 5. Nc3 O-O 6. O-O Nbd7 7. Bg5 e5 8. Nd5
Re8 9. dxe5 Nxe5 10. Nxe5 Rxe5 11. Bxf6 Bxf6 12. Qf3 Bg7 13. Rfe1 Be6 14. Ne3
Bxc4 15. Nxc4 Rc5 16. Qb3 b6 17. c3 Qd7 18. Rad1 Re8 19. f3 Bh6 20. Ne3 Ree5 21.
Ng4 Bf4 22. Nf6+ {Black resigns} 1-0

[Event "Team 45 45 League T66"]
[Site "Internet Chess Club"]
[Date "2015.10.01"]
[Round "5"]
[White "Conjurer"]
[Black "rhayder"]
[Result "0-1"]
[WhiteElo "1257"]
[BlackElo "1364"]
[Opening "King's Indian: London system"]
[ECO "A48"]
[Time "18:10:03"]
[TimeControl "2700+45"]

1. d4 Nf6 2. Nf3 g6 3. Bf4 Bg7 4. e3 O-O 5. Bd3 d6 6. h3 Nbd7 7. O-O c5 8. c4
cxd4 9. Nxd4 e5 10. Bxe5 Nxe5 11. Nc3 Nxd3 12. Qxd3 Nd7 13. Nf3 Ne5 14. Qd5
Nxf3+ 15. Qxf3 Bxc3 16. bxc3 Qc7 17. Qd5 Be6 18. Qd4 Bxc4 19. Rfd1 d5 20. Qf6
Qc6 21. Qf4 Kg7 22. Rd4 Qf6 23. Qc7 Qb6 24. Qg3 Qb2 25. Qe5+ Kg8 26. Rad1 Qxc3
27. h4 Bxa2 28. h5 Qc6 29. Rh4 Rae8 30. Qg3 Re4 31. hxg6 fxg6 32. Rd4 Rxh4 33.
Rxh4 Rf5 34. Qh3 Rh5 35. Rxh5 gxh5 36. Qg3+ Kh8 37. Qe5+ Kg8 38. Qg5+ Qg6 39.
Qd8+ Kg7 40. Qe7+ Qf7 41. Qe5+ Qf6 42. Qc7+ Qf7 43. Qg3+ Kh6 44. Qd6+ Kg7 45.
Qe5+ Qf6 46. Qg3+ Kf7 47. Qc7+ Qe7 48. Qf4+ Ke8 49. Qb8+ Kf7 50. Qf4+ Ke6 51.
Qh6+ Kd7 52. Qxh5 Kc7 53. Qh2+ Kb6 54. Qh6+ Ka5 55. Qf4 b5 56. Qd4 Bc4 57. Qa1+
Kb6 58. Qd4+ Qc5 59. Qf6+ Ka5 60. Qd8+ Ka4 61. Qf6 a5 62. Qc3 Qa3 63. Qc2+ Bb3
64. Qxh7 Qc1+ 65. Kh2 Ka3 66. Qe7+ b4 67. Qe5 Bc4 68. Qd4 a4 69. e4 Qf4+ 70. Kg1
Qxe4 71. Qa1+ Ba2 72. Qc1+ Kb3 73. Qd1+ Kc4 74. Qc1+ Kb3 75. Qd1+ Qc2 76. Qxd5+
Kb2 77. Qd4+ Qc3 78. Qd1 Qc1 79. Qxc1+ Kxc1 {White resigns} 0-1

[Event "Team 45 45 League T66"]
[Site "Internet Chess Club"]
[Date "2015.10.02"]
[Round "5"]
[White "chips"]
[Black "WzeroMN"]
[Result "1-0"]
[WhiteElo "1186"]
[BlackElo "1075"]
[Opening "Réti opening"]
[ECO "A04"]
[Time "20:14:56"]
[TimeControl "2700+45"]

1. Nf3 Nc6 2. g3 e6 3. Bg2 Nf6 4. d4 d5 5. e3 Be7 6. a3 a5 7. O-O O-O 8. Nbd2 b6
9. c4 Ba6 10. b3 Qd7 11. Re1 Rab8 12. Bb2 Ne4 13. Nxe4 dxe4 14. Nd2 f5 15. Qh5
Qe8 16. Qxe8 Rbxe8 17. Bc3 Rf7 18. f3 exf3 19. Bxf3 Na7 20. d5 Rd8 21. dxe6 Rf6
22. Bxf6 Bxf6 23. Rad1 Rxd2 24. Rxd2 {Black resigns} 1-0

[Event "Team 45 45 League T66"]
[Site "Internet Chess Club"]
[Date "2015.10.05"]
[Round "5"]
[White "Packerfan"]
[Black "kidviper"]
[Result "0-1"]
[WhiteElo "1751"]
[BlackElo "1960"]
[Opening "Scandinavian (center counter) defense"]
[ECO "B01"]
[Time "14:43:50"]
[TimeControl "2700+45"]

1. e4 d5 2. exd5 Qxd5 3. Nc3 Qa5 4. d4 c6 5. Nf3 Nf6 6. Be2 Bf5 7. O-O e6 8. Nh4
Bg6 9. a3 Bd6 10. h3 Nbd7 11. b4 Bxb4 12. axb4 Qxa1 13. Qd2 b5 14. Nxg6 hxg6 15.
Bf3 Qa6 16. Qd3 O-O 17. Ne4 Nxe4 18. Qxe4 Nf6 19. Qxc6 Qxc6 20. Bxc6 Rac8 21.
Bxb5 Rxc2 22. Bd3 Ra2 23. Bf4 Rd8 24. Be3 Nd5 25. b5 Ra3 26. Rd1 Nxe3 27. fxe3
e5 28. Be4 Rxe3 29. Bc6 exd4 30. Kf2 Re7 31. Rd3 Rd6 32. Rd2 a6 33. Bf3 axb5 34.
Rb2 Re5 35. Rxb5 Rxb5 {White resigns} 0-1

[Event "Team 45 45 League T66"]
[Site "Internet Chess Club"]
[Date "2015.10.05"]
[Round "5"]
[White "kidcobra"]
[Black "Lrn2Mate"]
[Result "1-0"]
[WhiteElo "1840"]
[BlackElo "1573"]
[Opening "Scandinavian (center counter) defense"]
[ECO "B01"]
[Time "20:18:20"]
[TimeControl "2700+45"]

1. e4 d5 2. exd5 Qxd5 3. Nc3 Qd8 4. Nf3 Nf6 5. Bc4 Nc6 6. h3 Bf5 7. Bb5 e6 8.
Ne5 Qd6 9. d4 Nd5 10. Nxd5 Qxd5 11. Bxc6+ bxc6 12. O-O Rd8 13. Be3 f6 14. c4 Qd6
15. c5 Qd5 16. Nf3 Be7 17. Nh4 O-O 18. Nxf5 Qxf5 19. Qa4 Qd5 20. Qxa7 Qd7 21.
Qa5 Ra8 22. Qc3 Qd5 23. a3 Rfb8 24. b4 f5 25. Bf4 Bf6 26. Bxc7 Bxd4 27. Qg3 Bxa1
28. Bxb8 e5 29. Rxa1 Rxb8 30. Rb1 Ra8 31. Qb3 Qf7 32. Kf1 e4 33. Ke2 Rd8 34.
Qxf7+ Kxf7 35. a4 Rd3 36. b5 cxb5 37. axb5 Rc3 38. b6 Rxc5 39. b7 Rc2+ 40. Ke1
e3 41. fxe3 Rxg2 42. b8=Q Rg1+ 43. Kd2 Rg2+ 44. Kd3 f4 45. Qxf4+ Ke7 46. Qe4+
Kf6 47. Rb6+ Kf7 48. Qe6+ Kf8 49. Rb8# {Black checkmated} 1-0

[Event "Team 45 45 League T66"]
[Site "Internet Chess Club"]
[Date "2015.10.07"]
[Round "5"]
[White "clarinetref"]
[Black "KidRattler"]
[Result "0-1"]
[WhiteElo "1648"]
[BlackElo "1743"]
[Opening "Ruy Lopez: Schliemann defense"]
[ECO "C63"]
[Time "19:33:18"]
[TimeControl "2700+45"]

1. e4 e5 2. Nf3 Nc6 3. Bb5 f5 4. exf5 d6 5. Qe2 Nf6 6. Nc3 Be7 7. d4 O-O 8. dxe5
Nxe5 9. Nxe5 dxe5 10. O-O c6 11. Bc4+ Kh8 12. Bg5 Bxf5 13. Rad1 Qc7 14. h3 h6
15. Bxf6 Bxf6 16. Bd3 Bg5 17. Rfe1 Rae8 18. Bxf5 Rxf5 19. Ne4 Rd8 20. Rxd8+ Qxd8
21. Ng3 Rf8 22. Qxe5 Bf6 23. Qe3 Bd4 24. Qe2 Bxf2+ 25. Qxf2 Rxf2 26. Kxf2 Qd4+
27. Kf3 Qxb2 28. Re8+ Kh7 29. Rb8 Qxa2 30. Rxb7 c5 31. Ne4 Kg6 32. Rc7 Qxc2 33.
Rxa7 Qd3+ 34. Kf4 c4 35. Ra6+ Kh7 36. Rd6 Qf1+ 37. Kg3 Qf5 38. Nf6+ gxf6 39. Rc6
Qd3+ 40. Kf4 c3 41. Rxf6 Qd4+ 42. Kf5 Qxf6+ 43. Kxf6 c2 {White resigns} 0-1

[Event "Team 45 45 League T66"]
[Site "Internet Chess Club"]
[Date "2015.10.05"]
[Round "5"]
[White "BJJ"]
[Black "tryanything"]
[Result "0-1"]
[WhiteElo "1457"]
[BlackElo "1563"]
[Opening "Two knights defense"]
[ECO "C55"]
[Time "19:08:57"]
[TimeControl "2700+45"]

1. e4 e5 2. Nf3 Nc6 3. d4 exd4 4. Bc4 Nf6 5. O-O d6 6. Re1 Be7 7. e5 Nxe5 8.
Nxe5 dxe5 9. Rxe5 O-O 10. Bg5 Re8 11. Qf3 Qd6 12. Bxf6 Qxf6 13. Qxf6 gxf6 14.
Rh5 Bb4 15. f3 Re5 16. Rh4 Bf5 17. Rxd4 Bc5 18. c3 Re1+ 19. Kf2 Rxb1 20. Rxb1
Bxb1 21. Kg3 Bxd4 22. cxd4 Rd8 23. d5 Bc2 24. Kf4 a6 25. a3 c6 26. dxc6 bxc6 27.
Bxa6 Bb3 28. Kf5 Kg7 29. h4 Rd4 30. f4 Be6# {White checkmated} 0-1

[Event "Team 45 45 League T66"]
[Site "Internet Chess Club"]
[Date "2015.10.03"]
[Round "5"]
[White "primerpaso"]
[Black "Egmont"]
[Result "1-0"]
[WhiteElo "1914"]
[BlackElo "1695"]
[Opening "English: Caro-Kann defensive system"]
[ECO "A11"]
[Time "12:00:37"]
[TimeControl "2700+45"]

1. c4 c6 2. Nc3 d5 3. cxd5 cxd5 4. d4 Nc6 5. g3 Nf6 6. Bg2 Bf5 7. Nf3 e6 8. O-O
a6 9. a3 Bd6 10. b4 b5 11. Bb2 h6 12. e3 O-O 13. Ne1 Ne4 14. Nxe4 Bxe4 15. Bxe4
dxe4 16. Qc2 Ne7 17. Qxe4 Nd5 18. Nf3 Rc8 19. Rac1 Qd7 20. Qd3 Nb6 21. Nd2 Qb7
22. Ne4 Be7 23. Nc5 Qa8 24. Rfd1 Rfd8 25. Qc3 Bf6 26. Qb3 Nc4 27. Rc2 Rb8 28.
Rdc1 Qa7 29. Bc3 Qa8 30. a4 Qc6 31. Be1 Ra8 32. Nxa6 Qxa6 33. axb5 Qxb5 34. Qxc4
Rdb8 35. Qxb5 Rxb5 36. Rc8+ Rxc8 37. Rxc8+ Kh7 38. Rc1 Be7 39. Rb1 Kg6 40. Kf1
Kf5 41. f3 Bd6 42. e4+ Kg6 43. Ke2 h5 44. Kd3 h4 45. e5 Bb8 46. gxh4 f6 47. f4
fxe5 48. fxe5 Ba7 49. Ke4 Rd5 50. Bc3 {Black resigns} 1-0

[Event "Team 45 45 League T66"]
[Site "Internet Chess Club"]
[Date "2015.10.04"]
[Round "5"]
[White "AVEMARIA"]
[Black "gokuxxx"]
[Result "0-1"]
[WhiteElo "1590"]
[BlackElo "1470"]
[Opening "KP: Nimzovich defense"]
[ECO "B00"]
[Time "20:00:39"]
[TimeControl "2700+45"]

1. e4 Nc6 2. Nf3 Nf6 3. Nc3 d5 4. e5 Ne4 5. d4 e6 6. a3 f5 7. Bb5 Bd7 8. O-O Be7
9. Be3 O-O 10. Be2 Kh8 11. Nxe4 dxe4 12. Nd2 f4 13. Nxe4 fxe3 14. fxe3 Rxf1+ 15.
Qxf1 Nxd4 16. exd4 Bc6 17. Nc3 Qxd4+ 18. Qf2 Qxe5 19. Qf7 Qg5 20. g3 Rf8 {White
resigns} 0-1

[Event "Team 45 45 League T66"]
[Site "Internet Chess Club"]
[Date "2015.10.04"]
[Round "5"]
[White "QuieroAprender"]
[Black "whiskeytown"]
[Result "1-0"]
[WhiteElo "1801"]
[BlackElo "1569"]
[Opening "Pirc defense"]
[ECO "B07"]
[Time "15:06:04"]
[TimeControl "2700+45"]

1. e4 d6 2. d4 Nf6 3. Nc3 g6 4. Bd3 Bg7 5. f3 Nbd7 6. Be3 e5 7. d5 c6 8. dxc6
bxc6 9. Nge2 d5 10. exd5 cxd5 11. Bd2 O-O 12. Rb1 Rb8 13. O-O Nc5 14. b4 Nxd3
15. cxd3 Bf5 16. Bg5 Qd6 17. a3 Rfd8 18. Ng3 Qe6 19. Re1 h6 20. Bf4 Qb6+ 21. Be3
d4 22. Na4 Qb5 23. Nxf5 gxf5 24. Bf2 Nd5 25. Qb3 a5 26. Nc5 axb4 27. axb4 Nc3
28. Rb2 Rdc8 29. Ne6 fxe6 30. Qxe6+ Kh8 31. Qxf5 Rf8 32. Qh5 Qxd3 33. Rxe5 Bxe5
34. Qxe5+ Kg8 35. Bxd4 Qg6 36. Bxc3 Rbe8 37. Qh8+ Kf7 38. Qd4 Kg8 39. Qg4 Qxg4
40. fxg4 Rf4 41. h3 Rc4 42. Bf6 Rb8 43. b5 Kf7 44. Be5 Rb7 45. b6 Rc6 46. Bc7
Ke8 47. Re2+ Kd7 48. Rd2+ Ke6 49. Kf2 Rc3 50. Rd6+ Kf7 51. Rxh6 Kg7 {Black
resigns} 1-0

[Event "Team 45 45 League T66"]
[Site "Internet Chess Club"]
[Date "2015.09.30"]
[Round "5"]
[White "Kingofknights"]
[Black "olivermx"]
[Result "1-0"]
[WhiteElo "1523"]
[BlackElo "1314"]
[Opening "QGD: Tarrasch defense, Marshall gambit"]
[ECO "D32"]
[Time "21:16:23"]
[TimeControl "2700+45"]

1. d4 d5 2. c4 e6 3. Nc3 c5 4. cxd5 exd5 5. e4 dxe4 6. Bc4 Nf6 7. Qb3 Qe7 8. d5
b6 9. Bf4 Ba6 10. Bxa6 Nxa6 11. Qa4+ Qd7 12. Qxa6 Qf5 13. Qb5+ Nd7 14. Nge2 Be7
15. Bg3 O-O 16. d6 Bg5 17. O-O Nf6 18. Rad1 Nh5 19. Rd5 Qg6 20. Rfd1 Nxg3 21.
Nxg3 e3 22. Qd3 exf2+ 23. Kxf2 Qf6+ 24. Qf5 Rfe8 25. Qxf6 Bxf6 26. d7 Red8 27.
Nf5 Rab8 28. Re1 g6 29. Ne7+ Bxe7 30. Rxe7 Kf8 31. Re3 Rb7 32. Red3 Ke7 33. Ne4
Rbxd7 34. Rxd7+ Rxd7 35. Rxd7+ Kxd7 36. Nf6+ Kc6 37. Nxh7 a5 38. Ke3 b5 39. Ng5
f5 40. Ne6 Kb6 41. h4 Kc6 42. Nf4 Kd6 43. Nxg6 Ke6 44. Nf4+ Kf6 45. Nd5+ Kg6 46.
Kf4 b4 47. b3 Kh5 48. g3 Kg6 49. Ne3 {Black resigns} 1-0

[Event "Team 45 45 League T66"]
[Site "Internet Chess Club"]
[Date "2015.10.04"]
[Round "5"]
[White "kidcobra"]
[Black "CaoCao"]
[Result "1-0"]
[WhiteElo "1834"]
[BlackElo "1921"]
[Opening "Caro-Kann: classical, Maróczy attack"]
[ECO "B18"]
[Time "19:09:26"]
[TimeControl "2700+45"]

1. e4 c6 2. Nc3 d5 3. d4 dxe4 4. Nxe4 Bf5 5. Ng3 Bg6 6. f4 e6 7. Nf3 Nd7 8. Bd3
Bxd3 9. Qxd3 Ngf6 10. Ne5 Be7 11. O-O O-O 12. Be3 c5 13. Rad1 cxd4 14. Bxd4 Nxe5
15. Bxe5 Qb6+ 16. Bd4 Bc5 17. Bxc5 Qxc5+ 18. Kh1 Rac8 19. c3 Nd5 20. Ne4 Qb6 21.
Rd2 Ne3 22. Rf3 Nc4 23. Rg3 f5 24. Qd7 g6 25. Nf6+ Rxf6 26. Qxc8+ Rf8 27. Qxc4
{Black resigns} 1-0

[Event "Team 45 45 League T66"]
[Site "Internet Chess Club"]
[Date "2015.10.04"]
[Round "5"]
[White "cityprosecutor"]
[Black "Timotheous"]
[Result "1/2-1/2"]
[WhiteElo "1798"]
[BlackElo "1802"]
[Opening "Sicilian defense"]
[ECO "B20"]
[Time "07:30:49"]
[TimeControl "2700+45"]

1. e4 c5 2. d3 Nc6 3. g3 g6 4. Bg2 Bg7 5. f4 d6 6. Nf3 e6 7. O-O Nge7 8. c3 O-O
9. Be3 b5 10. d4 cxd4 11. cxd4 d5 12. e5 Nf5 13. Bf2 b4 14. Nbd2 Ba6 15. Re1 Na5
16. g4 Ne7 17. Bh4 Re8 18. f5 Bf8 19. fxe6 fxe6 20. Ng5 Nec6 21. Ndf3 {Game
drawn by mutual agreement} 1/2-1/2

[Event "Team 45 45 League T66"]
[Site "Internet Chess Club"]
[Date "2015.10.01"]
[Round "5"]
[White "RUPIS"]
[Black "Frankly"]
[Result "0-1"]
[WhiteElo "1668"]
[BlackElo "1741"]
[Opening "Sicilian: Canal-Sokolsky attack, 3...Bd7"]
[ECO "B52"]
[Time "14:02:32"]
[TimeControl "2700+45"]

1. e4 c5 2. Nf3 d6 3. Bb5+ Bd7 4. Bxd7+ Qxd7 5. d4 cxd4 6. Nxd4 Nf6 7. Nc3 Nc6
8. Be3 g6 9. O-O Bg7 10. Qd2 Ng4 11. Bg5 Bxd4 12. Bh4 O-O 13. Rad1 Nge5 14. Qe2
Qg4 15. Qxg4 Nxg4 16. h3 Nge5 17. Nd5 Rae8 18. c3 Bb6 19. Bg5 Kg7 20. b4 f6 21.
Bd2 e6 22. Nf4 g5 23. Ne2 a6 24. a4 h6 25. Ng3 Kg6 26. a5 Ba7 27. Bc1 Rd8 28.
Rfe1 d5 29. exd5 Rxd5 30. Rxd5 exd5 31. Rd1 Rd8 32. Ne2 d4 33. cxd4 Nxd4 34.
Nxd4 Rxd4 35. Rxd4 Bxd4 36. Kf1 Bc3 37. Ba3 Nc4 38. Bc1 Bxb4 39. Ke2 Bxa5 40.
Kd3 b5 {White resigns} 0-1

[Event "Team 45 45 League T66"]
[Site "Internet Chess Club"]
[Date "2015.10.01"]
[Round "5"]
[White "Constrictor"]
[Black "idjit"]
[Result "0-1"]
[WhiteElo "1574"]
[BlackElo "1575"]
[Opening "Bird's opening"]
[ECO "A02"]
[Time "17:15:41"]
[TimeControl "2700+45"]

1. f4 e6 2. Nf3 d5 3. b3 Nf6 4. Bb2 c5 5. e3 Nc6 6. Bb5 a6 7. Bxc6+ bxc6 8. Ne5
Qb6 9. d3 c4 10. Qf3 cxd3 11. cxd3 Bc5 12. d4 Bb4+ 13. Bc3 Ne4 14. Bxb4 Qxb4+
15. Ke2 a5 16. Rc1 Ba6+ 17. Kd1 O-O 18. Nd7 a4 19. Nc5 axb3 20. axb3 Nxc5 21.
dxc5 Qxb3+ 22. Ke1 Be2 23. Rxa8 Bxf3 24. Rxf8+ Kxf8 25. Nd2 Qxe3+ {White
resigns} 0-1

[Event "Team 45 45 League T66"]
[Site "Internet Chess Club"]
[Date "2015.10.02"]
[Round "5"]
[White "ChessHouston"]
[Black "NicoloPags"]
[Result "0-1"]
[WhiteElo "1948"]
[BlackElo "2127"]
[Opening "Philidor: Improved Hanham variation"]
[ECO "B07"]
[Time "10:00:16"]
[TimeControl "2700+45"]

1. e4 d6 2. d4 Nf6 3. Nc3 e5 4. Nf3 Nbd7 5. Bc4 Be7 6. O-O c6 7. Bb3 O-O 8. a4
exd4 9. Qxd4 Nc5 10. Ba2 Be6 11. b4 Bxa2 12. Rxa2 Ne6 13. Qd3 Nd7 14. Ne2 Ne5
15. Nxe5 dxe5 16. Qg3 Qc7 17. Bb2 Bf6 18. Ra3 Rfd8 19. Rf3 Nf4 20. Nc1 Rd2 21.
Rc3 Rad8 22. Qf3 Qd7 23. h3 Be7 24. Ba3 Qd4 25. Nb3 Qxc3 {White resigns} 0-1

[Event "Team 45 45 League T66"]
[Site "Internet Chess Club"]
[Date "2015.10.04"]
[Round "5"]
[White "willhelm"]
[Black "IshanR"]
[Result "0-1"]
[WhiteElo "1877"]
[BlackElo "1887"]
[Opening "Queen's pawn game, Krause variation"]
[ECO "D02"]
[Time "04:06:38"]
[TimeControl "2700+45"]

1. d4 d5 2. Nf3 c5 3. c4 e6 4. e3 Nf6 5. Nc3 a6 6. a3 dxc4 7. Bxc4 b5 8. Bd3
Nbd7 9. O-O Bb7 10. Qe2 Rc8 11. Rd1 Qb6 12. Bb1 Bd6 13. Ba2 O-O 14. d5 Nxd5 15.
Nxd5 Bxd5 16. Bxd5 exd5 17. Rxd5 Nf6 18. Rd1 Rfd8 19. Bd2 Ne4 20. Qe1 Bc7 21.
Bc3 Nxc3 22. Qxc3 Rxd1+ 23. Rxd1 Rd8 24. Rc1 c4 25. h3 Rd3 26. Qc2 Qd6 27. Kf1
g6 28. a4 Bd8 29. axb5 axb5 30. Ke2 Bf6 31. Ne1 Rb3 {White resigns} 0-1

[Event "Team 45 45 League T66"]
[Site "Internet Chess Club"]
[Date "2015.10.04"]
[Round "5"]
[White "Signalman"]
[Black "NAS"]
[Result "1-0"]
[WhiteElo "1820"]
[BlackElo "1800"]
[Opening "Queen's bishop game"]
[ECO "D00"]
[Time "12:00:33"]
[TimeControl "2700+45"]

1. d4 d5 2. Bf4 Nf6 3. Nf3 e6 4. e3 Nbd7 5. Be2 Be7 6. O-O Nh5 7. Bg5 Bxg5 8.
Nxg5 Ng3 9. hxg3 Qxg5 10. Nd2 O-O 11. c4 c6 12. Nf3 Qf6 13. Rc1 dxc4 14. Rxc4 e5
15. dxe5 Nxe5 16. Nxe5 Qxe5 17. Qd4 Qc7 18. Rd1 Be6 19. Ra4 a5 20. Qd6 Qc8 21.
b3 b5 22. Rad4 Qb7 23. Bf3 Rac8 24. Rc1 a4 25. Rxc6 axb3 26. axb3 Bxb3 27. Rc3
{Black resigns} 1-0

[Event "Team 45 45 League T66"]
[Site "Internet Chess Club"]
[Date "2015.10.03"]
[Round "5"]
[White "Innes"]
[Black "LiangLiang"]
[Result "0-1"]
[WhiteElo "1628"]
[BlackElo "1821"]
[Opening "Sicilian: Smith-Morra gambit"]
[ECO "B21"]
[Time "16:30:31"]
[TimeControl "2700+45"]

1. e4 c5 2. d4 cxd4 3. c3 dxc3 4. Nxc3 Nc6 5. Bc4 e6 6. Nf3 d6 7. O-O Be7 8. Qe2
a6 9. Rd1 Bd7 10. Bf4 e5 11. Be3 Nf6 12. Rac1 O-O 13. h3 h6 14. a3 Be6 15. Nd5
Bxd5 16. exd5 Nb8 17. Rc2 Nbd7 18. Rdc1 Rc8 19. Ba2 Rxc2 20. Qxc2 Nb6 21. Bxb6
Qxb6 22. b4 e4 23. Nh4 e3 24. Nf5 exf2+ 25. Kh2 Re8 26. Rf1 Bf8 27. Rxf2 g6 28.
Ng3 Bg7 29. Re2 Re3 30. Qc8+ Kh7 31. Bb1 Rxe2 32. Nxe2 Qf2 33. Ng3 Nxd5 34. Qxb7
Be5 35. h4 Qxg3+ {White resigns} 0-1

[Event "Team 45 45 League T66"]
[Site "Internet Chess Club"]
[Date "2015.10.03"]
[Round "5"]
[White "swagnik"]
[Black "Otelo"]
[Result "1-0"]
[WhiteElo "1828"]
[BlackElo "1823"]
[Opening "Sicilian: Grand Prix attack"]
[ECO "B23"]
[Time "11:01:34"]
[TimeControl "2700+45"]

1. e4 c5 2. Nc3 Nc6 3. f4 d6 4. Nf3 e6 5. Bb5 Bd7 6. O-O g6 7. d3 Bg7 8. e5 dxe5
9. Ne4 Qc7 10. fxe5 Nxe5 11. Nxe5 Bxe5 12. Bxd7+ Qxd7 13. Be3 b6 14. Qf3 Rc8 15.
Bf4 Bxb2 16. Nd6+ Ke7 17. Nxc8+ Qxc8 18. Rae1 f5 19. Bd2 Nf6 20. c3 Qd7 21. Rb1
Ba3 22. Rb3 Qa4 23. Qb7+ Nd7 24. Re1 c4 25. Bg5+ Kd6 26. dxc4 Nc5 27. Be7#
{Black checkmated} 1-0

[Event "Team 45 45 League T66"]
[Site "Internet Chess Club"]
[Date "2015.09.30"]
[Round "5"]
[White "bobhill"]
[Black "wildkingdumb4"]
[Result "1-0"]
[WhiteElo "1971"]
[BlackElo "1755"]
[Opening "King's Indian: Torre attack"]
[ECO "A48"]
[Time "22:00:22"]
[TimeControl "2700+45"]

1. d4 Nf6 2. Nf3 g6 3. Bg5 Ne4 4. Bh4 d5 5. e3 Bg7 6. c3 O-O 7. Nbd2 Nd6 8. Qb3
c6 9. Bd3 Nd7 10. O-O Nf6 11. Rfe1 b6 12. Ne5 Bb7 13. a4 a6 14. c4 c5 15. f3
cxd4 16. exd4 dxc4 17. Ndxc4 Nxc4 18. Bxc4 Bd5 19. Bxd5 Nxd5 20. Nc6 Qd6 21.
Nxe7+ Nxe7 22. Bxe7 Qxd4+ 23. Kf1 Rfe8 24. Ba3 h5 25. Rad1 Rxe1+ 26. Rxe1 Rc8
27. h3 Bf6 28. Rd1 Qc4+ 29. Qxc4 Rxc4 30. b3 Rc6 31. Rd7 a5 32. Rd6 Rxd6 33.
Bxd6 Bd4 34. Ke2 Kg7 35. Kd3 Bf2 36. Kc4 Kf6 37. Kb5 Kf5 38. Bc7 h4 39. Bxb6
Bxb6 40. Kxb6 Kf4 41. Kxa5 Kg3 42. b4 Kxg2 43. b5 Kxh3 44. b6 Kg2 45. b7 h3 46.
b8=Q h2 47. Qb2+ Kg1 48. Qc1+ Kg2 49. Qg5+ Kxf3 50. Kb4 Kf2 51. Qh4+ Kg1 52.
Qg4+ Kf2 53. Qh3 Kg1 54. Qg3+ Kh1 55. a5 f5 56. a6 f4 57. Qxg6 {Black resigns}
1-0

[Event "Team 45 45 League T66"]
[Site "Internet Chess Club"]
[Date "2015.10.04"]
[Round "5"]
[White "fkramer"]
[Black "diegoami"]
[Result "0-1"]
[WhiteElo "1778"]
[BlackElo "1790"]
[Opening "Queen's pawn"]
[ECO "A40"]
[Time "09:01:53"]
[TimeControl "2700+45"]

1. d4 e6 2. c3 f5 3. Nf3 Nf6 4. Bf4 Be7 5. h3 Nc6 6. e3 b6 7. Nbd2 Bb7 8. Bc4
O-O 9. O-O Kh8 10. Ng5 h6 11. Ngf3 g5 12. Be5 Nxe5 13. dxe5 Nd5 14. Nd4 c5 15.
N4f3 Qe8 16. Qc2 Qh5 17. Be2 g4 18. hxg4 fxg4 19. Nh2 Qxe5 20. Nxg4 Qg7 21. Ne4
h5 22. Nh2 Rg8 23. g3 h4 24. g4 Qh6 25. Qd3 Raf8 26. Bf3 Rxf3 27. Nxf3 Rxg4+ 28.
Kh2 Nf6 29. Nd6 Bxd6+ 30. Qxd6 Bxf3 31. Rg1 h3 32. Rg3 Rxg3 33. Qxg3 Bg2 34.
Qb8+ Kh7 35. Qe5 Ng4+ {White resigns} 0-1

[Event "Team 45 45 League T66"]
[Site "Internet Chess Club"]
[Date "2015.10.06"]
[Round "5"]
[White "Beetlejuice"]
[Black "Schachteufel"]
[Result "1-0"]
[WhiteElo "1794"]
[BlackElo "1718"]
[Opening "Benkö gambit half accepted"]
[ECO "A57"]
[Time "13:08:52"]
[TimeControl "2700+45"]

1. d4 Nf6 2. c4 c5 3. d5 b5 4. cxb5 a6 5. f3 e6 6. e4 c4 7. Bxc4 axb5 8. Bxb5
Bc5 9. Ne2 Qb6 10. Nbc3 Bb7 11. Kf1 exd5 12. exd5 O-O 13. Bc4 d6 14. g3 Nbd7 15.
Kg2 Ne5 16. Bb3 Rfe8 17. Bg5 Nfd7 18. Na4 Qb5 19. Nec3 Qb4 20. Nxc5 Nxc5 21. Bf4
Ba6 22. Re1 Ncd3 23. Re4 Qc5 24. Qd2 f5 25. Be3 Qc7 26. Rd4 Qf7 27. h3 Qh5 28.
Bd1 Nc4 29. Rxc4 Bxc4 30. f4 Qg6 31. Bd4 Re7 32. Be2 Nxf4+ 33. Qxf4 Bxe2 34. b4
Bd3 35. a4 Rc8 36. b5 Qh5 37. Qf3 Be2 38. Qxh5 Bxh5 39. a5 Rc4 40. a6 Rxd4 41.
a7 Rxa7 42. Rxa7 Bg6 43. b6 f4 44. b7 Rb4 45. Ra8+ Kf7 46. b8=Q Rxb8 47. Rxb8
fxg3 48. Kxg3 {Black resigns} 1-0

[Event "Team 45 45 League T66"]
[Site "Internet Chess Club"]
[Date "2015.10.04"]
[Round "5"]
[White "jjimalo"]
[Black "TerryMalloy"]
[Result "1/2-1/2"]
[WhiteElo "1893"]
[BlackElo "2019"]
[Opening "Neo-Grünfeld, 6.O-O c6"]
[ECO "D78"]
[Time "11:02:58"]
[TimeControl "2700+45"]

1. d4 d5 2. Nf3 Nf6 3. g3 g6 4. Bg2 Bg7 5. O-O O-O 6. c4 c6 7. Nc3 dxc4 8. a4
Na6 9. Ne5 Be6 10. e4 Nb4 11. Be3 Nd7 12. f4 Nxe5 13. fxe5 c5 14. d5 Bd7 15.
Bxc5 Nd3 16. Bd4 a6 17. b3 Rc8 18. bxc4 Nb2 19. Qb3 Nxc4 20. Rfd1 Nxe5 21. Qxb7
Nf3+ 22. Bxf3 Bxd4+ 23. Rxd4 Rxc3 24. Bg2 Qc8 25. Qb4 Qc5 {Game drawn by mutual
agreement} 1/2-1/2